Map: Prion Terraces

Players

MorN - Winner!

  • Race: Terran Terran
  • League: Platinum

MamieNova

  • Race: Terran Terran
  • League: Diamond

VOD

Have the link to the VOD?

Description

Time

  • Played on: Nov. 12, 2015, 4:20 p.m.
  • Length: 6:05
Show
View Real Time Build Order
Export as new Build Order

MorN Terran - Winner!

Build Orders: Banshee Rush 

Get SALT Encoding   

  12  0:01  SCV  
  13  0:13  SCV  
  14  0:16  Supply Depot  
  14  0:25  SCV  
  15  0:28  Refinery  
  15  0:38  SCV  
  16  0:45  Barracks  
  16  0:54  SCV  
  17  1:06  SCV  
  18  1:18  SCV  
  19  1:38  Marine  
  20  1:40  Orbital Command  
  20  1:44  Factory  
  20  2:02  Marine  
  20  2:07  SCV  
  22  2:12  Command Center  
  21  2:18  Refinery  
  21  2:19  SCV  
  22  2:23  Supply Depot  
  22  2:33  Starport  
  22  2:35  Marine  
  23  2:45  SCV  
  23  2:47  Factory Tech Lab  
  24  2:54  Marine  
  24  2:57  SCV  
  26  3:09  SCV  
  27  3:15  Banshee  
  27  3:16  Cloaking Field  
  27  3:17  Marine  
  31  3:22  Factory Tech Lab  
  31  3:23  SCV  
  31  3:26  Orbital Command  
  32  3:31  Supply Depot  
  32  3:35  Marine  
  33  3:47  SCV  
  37  3:55  Cyclone  
  37  4:02  SCV  
  38  4:05  Barracks Reactor  
  38  4:09  Orbital Command  
  38  4:10  Supply Depot, Engineering Bay  
  38  4:16  Viking  
  40  4:44  SCV  
  41  4:53  Missile Turret  
  41  4:57  SCV  
  38  5:07  SCV  
  38  5:09  SCV  
  39  5:19  SCV  
  39  5:22  SCV  
  41  5:31  SCV  
  41  5:32  Barracks  
  41  5:33  Barracks  
  41  5:35  SCV  
  43  5:43  SCV  
  43  5:47  SCV  
Show
View Real Time Build Order
Export as new Build Order

MamieNova Terran 

Build Orders: Banshee Rush 

Get SALT Encoding   

  12  0:01  SCV  
  13  0:12  Refinery  
  13  0:16  SCV  
  14  0:26  Supply Depot  
  14  0:30  SCV  
  15  0:48  SCV  
  16  0:50  Barracks  
  16  1:00  SCV  
  17  1:12  SCV  
  18  1:24  SCV  
  19  1:44  Barracks Reactor  
  19  1:45  Orbital Command  
  19  1:46  Factory  
  19  1:56  Supply Depot  
  19  2:15  SCV  
  20  2:21  Marine x2  
  22  2:27  SCV  
  23  2:35  Factory Tech Lab  
  23  2:36  Starport  
  23  2:38  Refinery  
  23  2:39  SCV  
  23  2:40  Marine x2  
  26  2:53  Supply Depot  
  26  2:54  SCV  
  27  2:59  Marine x2  
  29  3:08  SCV  
  30  3:14  Hellion  
  32  3:20  Cloaking Field  
  32  3:23  Supply Depot, Marine x2  
  32  3:25  Banshee  
  37  3:36  Hellion  
  39  3:45  SCV  
  39  3:46  Supply Depot  
  39  3:47  Supply Depot  
  39  3:48  Marine  
  41  3:57  Hellion  
  41  4:02  Marine  
  43  4:08  Medivac  
  46  4:11  SCV  
  47  4:17  Supply Depot  
  47  4:19  Hellion  
  49  4:24  Barracks  
  49  4:27  Marine x2  
  47  4:45  Marine x2  
  44  4:56  Viking  
  44  5:02  Marine  
  44  5:03  Marine  
  33  5:25  Hellion  
  26  5:37  Marine x2  
Tags
 
Add a new tag
Caveats
  • Supply blocks, unpowered buildings, or Contaminate may cause inaccurate times.
  • Supply counts are checked every 10 seconds.